 Dungeon Crawl Stone Soup version 0.30.1-4-g462c640d31 (webtiles) character file.

Game seed: 2037600351176771726

22 Cheops the Caller (level 2, 0/19 HPs)
             Began as a Merfolk Summoner on Sept 13, 2023.
             Slain by a quokka (1 damage)
             ... on level 2 of the Dungeon.
             The game lasted 00:03:03 (1193 turns).

Cheops the Caller (Merfolk Summoner)                Turns: 1193, Time: 00:03:03

Health: 0/19       AC:  5    Str: 14    XL:     2   Next: 91%
Magic:  3/6        EV: 12    Int: 14    God:
Gold:   83         SH:  0    Dex: 14    Spells: 4/7 levels left

rFire   . . .        a - +0 dagger
rCold   . . .        (no shield)
rNeg    . . .        f - +0 robe
rPois   .            (no helmet)
rElec   .            g - +1 cloak
rCorr   .            (no gloves)
SInv    .            h - +0 pair of boots
Will    .....        (no amulet)
Stlth   ++           l - +6 ring of strength
HPRegen 0.23/turn    (no ring)
MPRegen 0.10/turn

%: no passive effects
@: very slightly contaminated
A: (nimble swimmer 2), mertail
a: no special abilities


You were on level 2 of the Dungeon.
You visited 1 branch of the dungeon, and saw 2 of its levels.

You collected 83 gold pieces.

Inventory:

Hand Weapons
 a - a +0 dagger (weapon)
Armour
 f - a +0 robe (worn)
 g - a +1 cloak (worn)
 h - a +0 pair of boots (worn)
Jewellery
 l - a +6 ring of strength (left hand)
Scrolls
 c - a scroll of immolation {unknown}
 d - a scroll of fog {unknown}
Potions
 b - a potion of magic
 e - a potion of mutation {unknown}
 i - a potion of curing {unknown}
 j - a potion of lignification {unknown}
 k - a potion of heal wounds {unknown}


   Skills:
 - Level 2.6 Dodging
 - Level 2.1 Stealth
 - Level 3.0 Spellcasting
 + Level 4.1 Summonings


You had 4 spell levels left.
You knew the following spells:

 Your Spells              Type           Power      Damage    Failure   Level
i - Call Imp              Summ           26%        N/A       6%          2
m - Summon Small Mammal   Summ           52%        N/A       4%          1

Your spell library contained the following spells:

 Spells                   Type           Power      Damage    Failure   Level
 Call Canine Familiar     Summ           13%        N/A       12%         3
 Summon Guardian Golem    Hex/Summ       7%         N/A       28%         3
 Summon Lightning Spire   Summ/Air       7%         N/A       67%         4


Dungeon Overview and Level Annotations

Branches:
Dungeon (2/15)

Altars:
Qazlal


Innate Abilities, Weirdness & Mutations

((You are very nimble when in or above water. (Stealth+, EV+, Speed+++)))
Your lower body shifts to a powerful aquatic tail in water.


Message History

Your bat barely misses the adder.
The frilled lizard bites your bat. The adder completely misses you.
The quokka misses you.
Your bat hits the frilled lizard. You closely miss the adder.
The adder is lightly wounded.
Your bat barely misses the frilled lizard.
The adder bites you. The quokka bites you.
You are too injured to fight recklessly!
You are too injured to fight recklessly!
You are too injured to fight recklessly!
Unknown command.
You miss the adder.
The adder is lightly wounded.
The adder barely misses you.
Your bat misses the frilled lizard. The quokka closely misses you.
The adder bites you.
* * * LOW HITPOINT WARNING * * *
Your bat hits the quokka but does no damage.
You barely miss the adder.
The adder is lightly wounded.
The quokka bites you.
* * * LOW HITPOINT WARNING * * *
The frilled lizard bites you.
* * * LOW HITPOINT WARNING * * *
The adder barely misses you. The quokka barely misses you.
You closely miss the adder.
The adder is lightly wounded.
Your bat hits the quokka.
Your bat completely misses the adder.
The frilled lizard bites you.
* * * LOW HITPOINT WARNING * * *
The adder barely misses you. The quokka barely misses you.
You hit the adder but do no damage.
The adder is lightly wounded.
Your bat misses the quokka. The adder bites you.
* * * LOW HITPOINT WARNING * * *
The frilled lizard bites you but does no damage.
The quokka closely misses you.
You barely miss the adder.
The adder is lightly wounded.
The adder bites you but does no damage. The quokka bites you.
You die...

..####+##.#..
.............#
.............#
...._........###
#...............
#......b....#
#?....Sr...#
#....@l)..#
####.###### #.#
#.# #.# #.# ++#P
#.# .... ###.#
..# #...#


You could see an adder, a quokka, a frilled lizard (ally target) and a friendly
bat (summoned).

Vanquished Creatures
  2 ball pythons (D:1)
  3 bats (D:1)
  A giant cockroach (D:1)
  A hobgoblin (D:1)
  A quokka (D:1)
  2 rats
10 creatures vanquished.

Vanquished Creatures (collateral kills)
  5 endoplasms (D:1)
  A goblin (D:1)
  A ball python (D:2)
  2 frilled lizards (D:1)
9 creatures vanquished.

Grand Total: 19 creatures vanquished

Notes
Turn   | Place    | Note
-------+----------+-------------------------------------------
     0 | D:1      | Cheops the Merfolk Summoner began the quest for the Orb.
     0 | D:1      | Reached XP level 1. HP: 13/13 MP: 3/3
   185 | D:1      | Reached XP level 2. HP: 15/19 MP: 3/5
   981 | D:1      | Learned a level 2 spell: Call Imp
  1179 | D:2      | Found a stormy altar of Qazlal.
  1193 | D:2      | Slain by a quokka

Illustrated notes

Levels and vault maps discovered:
D:1:      dpeg_arrival_lava_temple_mockup, layout_basic
D:2:      cheibrodos_old_hovel, layout_basic, basic_altar, serial_shops, shop,
          eino_tiny_chamber

Skill      XL: |  1  2 |
---------------+-------+-----
Spellcasting   | 3 |  3.0
Dodging        | |  2.6
Stealth        | |  2.1
Summonings     | |  4.1

Action                     || total
---------------------------++-------
  Melee: Unarmed           ||    25
         Dagger            ||    37
         Punch             ||     1
   Cast: Summon Small Mamm ||    22
   Stab: Distracted        ||     1
 Armour: Robe              ||    31
  Dodge: Dodged            ||    42
